 Dungeon Sprint DCSS version 0.22.1-1-ga44c0e5 (webtiles) character file.

1 KyallowQueen the Ducker (level 1, 18/18 HPs)
             Began as a Merfolk Monk on Nov 1, 2018.
             Quit the game in the Dungeon (Sprint VII: "The Pits") on Nov 2, 2018.
             The game lasted 00:03:10 (124 turns).

KyallowQueen the Ducker (Merfolk Monk)               Turns: 124, Time: 00:03:10

Health: 18/18      AC:  2    Str: 11    XL:     1   Next: 20%
Magic:  1/1        EV: 14    Int:  9    God:
Gold:   0          SH:  0    Dex: 16    Spells: 0/0 levels left

rFire    . . .     SeeInvis .   l - +2 falchion
rCold    . . .     Gourm    .   (no shield)
rNeg     . . .     Faith    .   b - +0 robe
rPois    .         Spirit   .   (no helmet)
rElec    .         Reflect  .   (no cloak)
rCorr    .         Harm     .   (no gloves)
MR       .....     NoTele   +   (no boots)
Stlth    ++........             (no amulet)
HPRegen  0.06/turn              (no ring)
MPRegen  0.07/turn              (no ring)

@: no status effects
A: change form in water, swift swim, stealthy swim
a: no special abilities


You were in the Dungeon.
You were not hungry.

You visited 1 branch

Inventory:

Hand Weapons
 l - a +2 falchion (weapon)
 m - a +2 hand axe
 o - a +2 trident
Missiles
 j - 10 stones (quivered)
Armour
 b - a +0 robe (worn)
Magical Staves
 n - an uncursed staff of energy
Scrolls
 i - a scroll of blinking
 p - 3 scrolls of remove curse
 q - 5 scrolls of amnesia
 r - a scroll of summoning
 s - 2 scrolls of vulnerability
Potions
 a - 2 potions of invisibility
 d - a potion of curing
 e - a potion of heal wounds
 f - a potion of haste
 g - 4 potions of magic
 h - 3 potions of berserk rage
Comestibles
 c - 9 rations
 k - 4 chunks of flesh


   Skills:
 + Level 3.5 Fighting
 * Level 3.5 Long Blades
 + Level 4.3 Dodging
 + Level 2.2 Stealth


You couldn't memorise any spells.
You didn't know any spells.
Your spell library was empty.

Dungeon Overview and Level Annotations

Branches:
Dungeon (1/1)

Altars:
Ashenzari
Cheibriados
Dithmenos
Elyvilon
Fedhas
Gozag
Hepliaklqana
Kikubaaqudgha
Makhleb
Nemelex Xobeh
Okawaru
Qazlal
Ru
Sif Muna
Trog
Uskayaw
Vehumet
Wu Jian
Xom
Yredelemnul
Zin
The Shining One
Beogh
Jiyva
Lugonu


Message History

There is a glowing silver altar of Zin here.
There is a basalt altar of Yredelemnul here.
There is a shimmering altar of Xom here.
There is an ornate altar of the Wu Jian Council here.
There is a radiant altar of Vehumet here.
There is a hide-covered altar of Uskayaw here.
There is an ancient bone altar of Kikubaaqudgha here.
There is a shattered altar of Ashenzari here.
Save game and exit?
Welcome back, KyallowQueen the Merfolk Monk.
Press ? for a list of commands and other information.
There is a roughly hewn altar of Beogh here.
There is a snail-covered altar of Cheibriados here.
There is a shadowy altar of Dithmenos here.
There is a white marble altar of Elyvilon here.
There is a blossoming altar of Fedhas here.
There is a stormy altar of Qazlal here.
There is a sacrificial altar of Ru here.
There is a glowing golden altar of the Shining One here.
Are you sure you want to abandon this character and quit the game? (Confirm

############
#_________.#
#_________.#
#______@...###########++
##########'##...........
#....')))'.##......#..#.
##########.##...........
...........รท...........
+#####'#####......#..#.
#r #........... #g
####'#####++ +.
#.......#


There were no monsters in sight!

Vanquished Creatures
  A hobgoblin (D)
1 creature vanquished.

Notes
Turn   | Place    | Note
-------+----------+-------------------------------------------
     0 | D        | KyallowQueen the Merfolk Monk began the quest for the Orb.
     0 | D        | Reached XP level 1. HP: 18/18 MP: 1/1
   100 | D        | Found a bloodstained altar of Trog.
   100 | D        | Found a deep blue altar of Sif Muna.
   100 | D        | Found a viscous altar of Jiyva.
   100 | D        | Found a hazy altar of Hepliaklqana.
   100 | D        | Found an opulent altar of Gozag.
   101 | D        | Found a glowing golden altar of the Shining One.
   101 | D        | Found a glowing silver altar of Zin.
   101 | D        | Found a basalt altar of Yredelemnul.
   101 | D        | Found a shimmering altar of Xom.
   101 | D        | Found an ornate altar of the Wu Jian Council.
   101 | D        | Found a sacrificial altar of Ru.
   101 | D        | Found a stormy altar of Qazlal.
   101 | D        | Found an iron altar of Okawaru.
   101 | D        | Found a sparkling altar of Nemelex Xobeh.
   101 | D        | Found a burning altar of Makhleb.
   101 | D        | Found a blossoming altar of Fedhas.
   101 | D        | Found a white marble altar of Elyvilon.
   101 | D        | Found a shadowy altar of Dithmenos.
   101 | D        | Found a snail-covered altar of Cheibriados.
   103 | D        | Found a radiant altar of Vehumet.
   103 | D        | Found a corrupted altar of Lugonu.
   103 | D        | Found a roughly hewn altar of Beogh.
   104 | D        | Found a hide-covered altar of Uskayaw.
   104 | D        | Found an ancient bone altar of Kikubaaqudgha.
   104 | D        | Found a shattered altar of Ashenzari.
   124 | D        | Quit the game

Action                   || total
-------------------------++-------
Melee: Falchion          ||     2
Dodge: Dodged            ||     1
